 Dungeon Crawl Stone Soup version 0.26-a0-712-ga5a9c9c9d0 (webtiles) character file.

Game seed: 16957161264804751835

(classic levelgen) 68 EnegeticOcto the Covered (level 4, 35/42 HPs)
             Began as a Deep Dwarf Fighter on Nov 4, 2020.
             Was a Believer of Lugonu.
             Quit the game on level 3 of the Dungeon.
             The game lasted 00:00:29 (369 turns).

EnegeticOcto the Covered (Deep Dwarf Fighter)        Turns: 369, Time: 00:00:30

Health: 35/42      AC:  7    Str: 21    XL:     4   Next: 1%
Magic:  3/3        EV:  7    Int:  8    God:    Lugonu [**....]
Gold:   57         SH:  9    Dex: 12    Spells: 3/3 levels left

rFire    . . .     SeeInvis .   a - +0 war axe
rCold    . . .     Faith    .   c - +0 kite shield
rNeg     . . .     Spirit   .   b - +0 scale mail
rPois    .         Reflect  .   (no helmet)
rElec    .         Harm     .   (no cloak)
rCorr    .         Rampage  .   (no gloves)
MR       .....                  (no boots)
Stlth    ..........             (no amulet)
HPRegen  0.00/turn              (no ring)
MPRegen  0.08/turn              (no ring)

@: non-regenerating
A: damage resistance, heal wounds, sense surroundings 1, no regeneration
a: Heal Wounds, Depart the Abyss, Bend Space, Renounce Religion


You were on level 3 of the Dungeon.
You worshipped Lugonu.
Lugonu was pleased with you.
You visited 1 branch of the dungeon, and saw 3 of its levels.

You collected 57 gold pieces.

Inventory:

Hand Weapons
 a - a +0 war axe (weapon)
Armour
 b - a +0 scale mail (worn)
 c - a +0 kite shield (worn)
Scrolls
 e - a scroll of noise {unknown}
 f - a scroll of identify {unknown}
 g - a scroll of fear {unknown}
 h - a scroll of remove curse {unknown}
Potions
 d - a potion of might {@q3}
 i - a potion of lignification {unknown}


   Skills:
 + Level 3.1 Fighting
 * Level 3.4 Axes
 + Level 3.8 Armour
 + Level 3.8 Shields


You had 3 spell levels left.
You didn't know any spells.
Your spell library was empty.

Dungeon Overview and Level Annotations

Branches:
Dungeon (3/15)

Altars:
Lugonu


Innate Abilities, Weirdness & Mutations

You are resistant to damage.
You can heal yourself by infusing magical energy.
You passively map a small area around you.
You do not regenerate.


Message History

You hit the dart slug but do no damage. The dart slug launches a dart at you.
The slug dart hits you but does no damage.
You hit the dart slug.
The dart slug is lightly wounded.
The dart slug bites you but does no damage.
You slash the dart slug!
You kill the dart slug!
No target in view!
No target in view!
No target in view!
No target in view!
No target in view!
No target in view!
No target in view!
No target in view!
No target in view!
No target in view!
No target in view!
No target in view!
No target in view!
No target in view!
No target in view!
No target in view!
No target in view!
No target in view!
No target in view!
No target in view!
No target in view!
No target in view!
You now have 48 gold pieces (gained 5).
You now have 57 gold pieces (gained 9).
(D) Dungeon
Where to? (Enter - D:2, ? - help)
There is a stone staircase leading down here.
You climb downwards.
There is a stone staircase leading up here.
A kobold comes into view.
The kobold shouts!
You hear an angry hiss.
You block the kobold's attack.
A kobold is nearby!
You hit the kobold but do no damage. The kobold hits you but does no damage.
You hit the kobold but do no damage. The kobold barely misses you.
Your shield and scale mail prevent you from hitting the kobold.
You block the kobold's attack. x2
You closely miss the kobold. You block the kobold's attack.
You barely miss the kobold. You block the kobold's attack.
The kobold closely misses you.
You hit the kobold but do no damage. You block the kobold's attack.
You closely miss the kobold. You block the kobold's attack. x2
You closely miss the kobold. The kobold barely misses you.
You barely miss the kobold.
The kobold hits you but does no damage. x2
You closely miss the kobold. The kobold hits you but does no damage.
Your shield and scale mail prevent you from hitting the kobold.
You block the kobold's attack.
You hit the kobold but do no damage. You block the kobold's attack.
The kobold hits you but does no damage.
You closely miss the kobold. You block the kobold's attack.
You closely miss the kobold. The kobold hits you but does no damage.
You block the kobold's attack.
Your shield prevents you from hitting the kobold.
You block the kobold's attack.
You hit the kobold but do no damage. The kobold hits you.
The kobold hits you but does no damage.
An adder comes into view.
The kobold hits you but does no damage. You block the kobold's attack.
Found a faded altar of an unknown god.
The adder bites you but does no damage. You block the adder's attack.
The adder bites you but does no damage. x2; The kobold completely misses you.
You closely miss the adder. You hit the kobold but do no damage.
You block the adder's attack. You block the kobold's attack.
The adder bites you but does no damage.
You slash the adder!
The adder is severely wounded.
You hit the kobold.
You kill the kobold!
The adder bites you.
You miss the adder.
The adder is severely wounded.
The adder bites you but does no damage. You block the adder's attack.
You miss the adder.
The adder is severely wounded.
You block the adder's attack. The adder bites you.
You closely miss the adder.
The adder is severely wounded.
The adder bites you but does no damage. x2
You hit the adder.
You kill the adder!
You have reached level 4!
You feel stronger.
There is a faded altar of an unknown god here.
You cannot tell which god this altar belongs to.
Convert to them anyway?
Lugonu accepts your prayer! Lugonu welcomes you!
You can now depart the Abyss.
You can now bend space around yourself.
Unknown command.
Press < or > to pray at altars.
Are you sure you want to abandon this character and quit the game? (Confirm with "yes".)

, , ,
#<#.#.##..#.###
* *
.#......#......
#.....#†.#.##..#
* *
###.###......# *
* #..........#
*, #.#........#
* #.....8....+ ,
#....8.8...# , ,
, *#...8.@.8..#*
* ......8.8...#
, ,
###....8....# ,
#.........# * *
######....#
#....# * +
*....# ,, ....#
* , , *


There were no monsters in sight!

Vanquished Creatures
  A gnoll (D:1)
  An adder (D:3)
  An ooze (D:2)
  2 dart slugs
  3 leopard geckos
  A giant cockroach (D:2)
  A goblin (D:2)
  6 hobgoblins
  4 jackals (D:2)
  3 kobolds
  2 quokkas (D:2)
  5 bats
  7 frilled lizards
  2 rats
39 creatures vanquished.

Notes
Turn   | Place    | Note
-------+----------+-------------------------------------------
     0 | D:1      | EnegeticOcto the Deep Dwarf Fighter began the quest for the
                  | Orb.
     0 | D:1      | Reached XP level 1. HP: 20/20 MP: 1/1
    57 | D:1      | Reached XP level 2. HP: 27/27 MP: 2/2
   164 | D:2      | Reached XP level 3. HP: 28/33 MP: 3/3
   352 | D:3      | Found a faded altar of an unknown god.
   361 | D:3      | Reached XP level 4. HP: 35/42 MP: 3/3
   368 | D:3      | Became a worshipper of Lugonu the Unformed
   368 | D:3      | Reached * piety under Lugonu
   368 | D:3      | Reached ** piety under Lugonu
   369 | D:3      | Quit the game

Illustrated notes

Levels and vault maps discovered:
D:1:      minmay_arrival_pointy, layout_basic
D:2:      layout_basic, led_sif_pool
D:3:      layout_basic, chequers_ecumenical_altar_simple_redux

Skill      XL: |  1  2  3 |
---------------+----------+-----
Axes           | 3 |  3.4
Fighting       | 3 |  3.1
Armour         | |  3.8
Shields        | |  3.8

Action                   |  1- 3 |  4- 6 || total
-------------------------+-------+-------++-------
Melee: War axe           |   124 |       ||   124
 Abil: Heal Wounds       |     2 |       ||     2
Armor: Scale mail        |    69 |       ||    69
Dodge: Dodged            |    34 |       ||    34
Block: Kite shield       |    94 |       ||    94

Table legend: (Time is in decaauts)
 A = Elapsed time spent in this place.
 B = Non-inter-level travel time spent in this place.
 C = Inter-level travel time spent in this place.
 D = Time resting spent in this place.
 E = Time spent auto-exploring this place.
 F = Levels seen in this place.
 G = Mean time per level.
                   A        B        C        D        E       F      G
               +--------+--------+--------+--------+--------+-----+--------+
         Total |    422 |    393 |     29 |      0 |    134 |   3 |  140.7 |
       Dungeon |    422 |    393 |     29 |      0 |    134 |   3 |  140.7 |
               +--------+--------+--------+--------+--------+-----+--------+

Top non-repeatable levels by time:
     D:2: 226 daAuts
     D:1: 150 daAuts
     D:3: 45 daAuts
